 Dungeon Crawl Stone Soup version 0.31.0-9-g3a7656b989 (webtiles) character file.

Game seed: 993684313324569321

331 Eitelfritz the Sneak (level 6, -1/28 HPs)
             Began as a Spriggan Enchanter on Feb 4, 2024.
             Slain by a ribbon worm (8 damage)
             ... on level 3 of the Dungeon.
             The game lasted 00:07:48 (2107 turns).

Eitelfritz the Sneak (Spriggan Enchanter)           Turns: 2107, Time: 00:07:49

Health: -1/28      AC:  2    Str:  6    XL:     6   Next: 26%
Magic:  2/12       EV: 17    Int: 17    God:
Gold:   40         SH:  0    Dex: 15    Spells: 1/12 levels left

rFire   . . .        c - +0 short sword
rCold   + . .        (no shield)
rNeg    . . .        g - +0 robe
rPois   .            (helmet restricted)
rElec   .            (no cloak)
rCorr   .            (gloves unavailable)
SInv    +            (boots unavailable)
Will    +....        (no amulet)
Stlth   ++           h - ring of protection from cold
HPRegen 0.24/turn    (no ring)
MPRegen 0.13/turn

%: no passive effects
@: slow
A: very small, no large weapons, unfitting armour, see invisible, speed 3
a: no special abilities


You were on level 3 of the Dungeon.
You visited 1 branch of the dungeon, and saw 3 of its levels.

You collected 40 gold pieces.

Inventory:

Hand Weapons
 a - a +1 dagger
 b - a +0 sling
 c - a +0 short sword (weapon)
Missiles
 n - 2 throwing nets (quivered)
 u - 3 poisoned darts
Armour
 g - a +0 robe (worn)
Magical Staves
 s - a staff of conjuration
Jewellery
 h - a ring of protection from cold (left hand)
 o - an amulet of magic regeneration
Wands
 p - a wand of iceblast (12)
Scrolls
 e - a scroll of enchant weapon {unknown}
 k - 5 scrolls of identify {unknown}
 l - a scroll of blinking {unknown}
 m - a scroll of poison {unknown}
 r - a scroll of vulnerability {unknown}
 t - a scroll of enchant armour {unknown}
Potions
 d - 2 potions of mutation {unknown}
 f - 5 potions of enlightenment {unknown}
 i - a potion of haste {unknown}
 j - 5 potions of invisibility
 q - a potion of magic {unknown}


   Skills:
 + Level 0.1 Fighting
 + Level 2.1 Short Blades
 + Level 0.4 Ranged Weapons
 + Level 3.1 Dodging
 + Level 7.9 Stealth
 + Level 3.8 Spellcasting
 + Level 5.0 Hexes
 + Level 1.0 Ice Magic


You had one spell level left.
You knew the following spells:

 Your Spells              Type           Power      Damage    Failure   Level
a - Ensorcelled Hibernat  Hex/Ice        26%        N/A       7%          2
b - Confusing Touch       Hex            20%        N/A       6%          3
c - Tukima's Dance        Hex            20%        N/A       6%          3
d - Dazzling Flash        Conj/Hex       22%        N/A       17%         3

Your spell library contained the following spells:

 Spells                   Type           Power      Damage    Failure   Level


Dungeon Overview and Level Annotations

Branches:
Dungeon (3/15)

Altars:
Makhleb


Innate Abilities, Weirdness & Mutations

You are very small and have problems with some larger weapons.
You are too small for most types of armour.
You have supernaturally acute eyesight. (SInv)
You cover ground extremely quickly. (Speed+++)


Message History

A river rat comes into view.
Your unstable footing causes you to fumble your attack.
The bat closely misses you. The adder bites you.
You barely miss the adder.
The adder is moderately wounded.
The bat misses you. The adder closely misses you.
Casting: Ensorcelled Hibernation (safe; 7% risk of failure)
Confirm with . or Enter, or press ? or * to list all spells.
Aiming: Ensorcelled Hibernation (safe; 7% risk of failure)
Press: ? - help, Shift-Dir - straight line, f - bat
Aim: a bat (chance to affect: 64%)
The bat looks drowsy...
The adder barely misses you. The adder bites you.
The helpless bat fails to defend itself.
You impale the bat!!
You kill the bat!
The adder barely misses you.
You hit the ribbon worm.
The ribbon worm is moderately wounded.
The adder misses you.
Your unstable footing causes you to fumble your attack.
The adder completely misses you. The ribbon worm closely misses you.
Your unstable footing causes you to fumble your attack.
The adder barely misses you. The ribbon worm closely misses you.
Your unstable footing causes you to fumble your attack.
The adder barely misses you.
You hit the adder but do no damage.
The adder is lightly wounded.
The adder closely misses you. The ribbon worm bites you.
c - a +0 short sword (weapon)
The adder bites you.
* * * LOW HITPOINT WARNING * * *
You closely miss the adder.
The adder is lightly wounded.
The adder barely misses you.
The ribbon worm expels a string of sticky webbing.
The stream of webbing hits you but does no damage.
You are caught in a web!
Unknown command.
The adder completely misses you. The ribbon worm bites you!
You die...

#r~.....####..##
#~~~.........##.
###~#.............
~~#~†~...###.#....
##~#~#~...#
#.).... ~S#~~~~..#
###.... #r#~#~..##
#.##. #w#~#~..#
#..## #@So#...#
#... #####...#
#.#.. ##### #....
#####


You could see a ribbon worm (catching breath), 2 adders, a river rat and an orc.

Vanquished Creatures
  Sigmund (D:2)
  2 orc priests (D:3)
  5 adders
  3 dart slugs
  A ribbon worm (D:3)
  5 ball pythons
  10 bats
  3 endoplasms
  A giant cockroach (D:1)
  8 goblins
  5 hobgoblins
  5 quokkas
  A frilled lizard (D:1)
  6 kobolds
  7 rats
63 creatures vanquished.

Notes
Turn   | Place    | Note
-------+----------+-------------------------------------------
     0 | D:1      | Eitelfritz the Spriggan Enchanter began the quest for the
                  | Orb.
     0 | D:1      | Reached XP level 1. HP: 9/9 MP: 5/5
   157 | D:1      | Reached XP level 2. HP: 11/13 MP: 6/6
   160 | D:1      | Learned a level 2 spell: Ensorcelled Hibernation
   416 | D:1      | Reached skill level 5 in Stealth
   477 | D:1      | Reached XP level 3. HP: 16/16 MP: 5/8
  1108 | D:2      | Noticed Sigmund
  1153 | D:2      | Reached XP level 4. HP: 21/21 MP: 2/9
  1158 | D:2      | Learned a level 3 spell: Confusing Touch
  1169 | D:2      | Learned a level 3 spell: Tukima's Dance
  1229 | D:2      | Killed Sigmund
  1230 | D:2      | Reached skill level 7 in Stealth
  1230 | D:2      | Reached XP level 5. HP: 24/24 MP: 9/11
  1235 | D:2      | Learned a level 3 spell: Dazzling Flash
  1780 | D:3      | Found a faded altar of an unknown god.
  2012 | D:3      | Found a burning altar of Makhleb.
  2018 | D:3      | Reached XP level 6. HP: 28/28 MP: 9/12
  2059 | D:3      | Reached skill level 5 in Hexes
  2059 | D:3      | Reached skill level 1 in Ice Magic
  2107 | D:3      | Slain by a ribbon worm

Illustrated notes

Levels and vault maps discovered:
D:1:      co_arrival_square_in_a_square_in_a_square, layout_rooms,
          minmay_pentomino_o4
D:2:      layout_basic, uniq_sigmund
D:3:      layout_loops_ring, bloody_makhleb, lightli_sewer_entry_pipes,
          chequers_ecumenical_altar_island, minmay_misc_feat_iff,
          amethyst_killhole, kennysheep_generic_room_4, uniq_natasha,
          uniq_grinder

Skill      XL: |  1  2  3  4  5  6 |
---------------+-------------------+-----
Hexes          | 4 5 |  5.0
Stealth        | 5 7 |  7.9
Spellcasting   | 3 |  3.8
Dodging        | 3 |  3.1
Short Blades   | 2 |  2.1
Ice Magic      | 1 |  1.0
Fighting       | |  0.1
Ranged Weapons | |  0.4

Action                     |  1- 3 |  4- 6 || total
---------------------------+-------+-------++-------
  Melee: Dagger            |   100 |    42 ||   142
         Short sword       |       |     1 ||     1
   Fire: Sling             |    10 |       ||    10
   Cast: Ensorcelled Hiber |    28 |    20 ||    48
   Stab: Sleeping          |    22 |    18 ||    40
 Armour: Robe              |    28 |    25 ||    53
  Dodge: Dodged            |    84 |    76 ||   160
